Map: Ascension to Aiur LE

Players

Yata - Winner!

  • Race: Zerg Zerg
  • League: Platinum
  • Spawn Location: 11:00

Njago

  • Race: Protoss Protoss
  • League: Platinum
  • Spawn Location: 5:00

VOD

Have the link to the VOD?

Description

Time

  • Played on: Oct. 12, 2017, 9:04 p.m.
  • Length: 20:12
Show
View Real Time Build Order
Export as new Build Order

Yata Zerg - Winner!

Build Orders: Hatch First, Zergling Baneling 

Get SALT Encoding   

  12  0:01  Drone  
  13  0:12  Overlord  
  13  0:17  Drone  
  14  0:30  Drone x2  
  14  0:34  Drone  
  17  0:54  Hatchery  
  16  1:01  Drone  
  16  1:02  Drone  
  18  1:20  Extractor  
  18  1:21  Spawning Pool  
  18  1:24  Drone  
  17  1:27  Drone  
  17  1:31  Drone  
  19  1:38  Overlord  
  19  1:50  Drone  
  20  2:00  Drone  
  21  2:05  Drone  
  21  2:08  Queen  
  24  2:09  Queen  
  26  2:17  Zergling x4  
  26  2:20  Metabolic Boost  
  28  2:23  Drone  
  29  2:30  Drone, Evolution Chamber  
  29  2:33  Drone  
  30  2:43  Drone  
  31  2:45  Drone, Baneling Nest  
  31  2:51  Overlord  
  31  3:02  Drone x2  
  31  3:04  Overlord  
  33  3:11  Drone  
  34  3:16  Pneumatized Carapace  
  35  3:20  Drone x5  
  39  3:32  Drone x4  
  42  3:41  Zergling x2  
  42  3:46  Zergling x2  
  44  3:55  Overlord x2  
  44  3:56  Zergling x2  
  44  3:57  Zergling x2  
  46  4:05  Hatchery  
  46  4:06  Baneling x3  
  45  4:23  Baneling  
  45  4:27  Zergling x2  
  45  4:28  Zergling x14  
  53  4:31  Overlord x3  
  53  4:39  Extractor, Drone  
  53  4:40  Queen  
  55  4:46  Zergling x4  
  55  4:49  Baneling x3  
  55  4:50  Baneling x2  
  56  5:13  Zergling x8  
  56  5:14  Zergling x4  
  52  5:15  Drone x2  
  52  5:19  Drone  
  54  5:25  Drone x2  
  56  5:33  Drone, Queen  
  59  5:36  Lair  
  59  5:38  Extractor, Drone x2  
  59  5:42  Zergling x2  
  61  5:55  Zergling x12  
  67  6:18  Zergling x10  
  69  6:19  Zergling x8  
  73  6:28  Zerg Melee Weapons Level 1  
  70  6:34  Hatchery  
  70  6:35  Drone x8  
  71  6:41  Drone x3  
  71  6:42  Drone  
  75  6:51  Baneling  
  75  6:52  Baneling x5  
  75  6:53  Zergling x2  
  75  6:54  Zergling x10  
  80  7:05  Zergling x10  
  79  7:12  Zergling x4  
  79  7:13  Drone x3  
  78  7:26  Hydralisk Den  
  72  7:47  Evolution Chamber  
  71  7:55  Hydralisk x9  
  71  7:56  Hydralisk x6  
  101  8:02  Hatchery  
  101  8:05  Zergling x8  
  104  8:10  Overlord x6  
  104  8:23  Zerg Ground Armor Level 1  
  104  8:27  Queen  
  104  8:32  Zergling x8, Extractor  
  104  8:33  Zergling x10  
  114  8:42  Zerg Melee Weapons Level 2  
  114  8:54  Drone  
  114  8:55  Drone x11  
  126  8:58  Queen  
  126  9:00  Queen x2  
  132  9:05  Zergling x2  
  132  9:06  Zergling x10  
  138  9:17  Drone x9  
  138  9:23  Baneling  
  138  9:24  Baneling x3  
  147  9:25  Baneling x2  
  147  9:28  Zergling x4  
  147  9:29  Zergling x10  
  154  9:34  Queen  
  150  9:59  Queen  
  152  10:07  Overlord x4  
  152  10:08  Overlord  
  152  10:23  Zerg Ground Armor Level 2, Hatchery  
  151  10:42  Muscular Augments  
  151  10:46  Zergling x2  
  151  10:47  Zergling x52  
  178  10:51  Baneling x4  
  178  10:59  Zergling x6  
  178  11:00  Zergling x4  
  183  11:24  Zergling x2  
  183  11:25  Zergling x30  
  195  11:30  Baneling  
  195  11:31  Baneling x12  
  193  11:35  Zergling x4  
  193  11:37  Overlord  
  193  11:38  Overlord x5  
  195  11:56  Infestation Pit  
  194  12:14  Centrifical Hooks  
  182  12:27  Zergling x2  
  182  12:28  Zergling x34  
  132  12:41  Queen  
  128  12:46  Zergling x14  
  129  12:55  Zergling x2  
  129  12:56  Zergling x8  
  133  13:01  Hydralisk  
  133  13:02  Hydralisk x5  
  145  13:07  Queen  
  147  13:16  Queen  
  149  13:20  Overlord x4  
  149  13:25  Zergling x2  
  149  13:26  Zergling x28  
  158  13:30  Zergling x2  
  152  13:40  Zergling x2  
  152  13:41  Zergling x14  
  160  13:43  Queen  
  160  13:46  Zergling x6  
  165  13:49  Hive  
  165  13:51  Zerg Missile Weapons Level 1  
  165  14:08  Zergling x8  
  165  14:09  Zergling x36  
  187  14:13  Hydralisk x2  
  187  14:14  Hydralisk x2  
  195  14:18  Queen  
  195  14:22  Baneling x12  
  195  14:23  Zergling x2  
  195  14:24  Zergling x2  
  199  14:44  Baneling x6  
  199  14:45  Baneling x12  
  133  15:05  Zergling x2  
  133  15:06  Zergling x40  
  133  15:07  Zergling x20  
  123  15:27  Hydralisk x7  
  129  15:43  Zergling x2  
  129  15:44  Zergling x20  
  134  16:05  Hydralisk x5  
  134  16:06  Hydralisk x9  
  162  16:15  Zergling x8  
  162  16:16  Zergling x12  
  162  16:17  Hatchery  
  171  16:19  Queen  
  171  16:20  Zerg Melee Weapons Level 3, Hatchery  
  171  16:21  Zerg Ground Armor Level 3  
  171  16:22  Adrenal Glands  
  172  16:27  Ultralisk Cavern  
  172  16:28  Extractor  
  172  16:29  Extractor  
  172  16:32  Zergling x16  
  176  16:39  Baneling  
  176  16:40  Baneling x3  
  176  16:41  Baneling  
  176  16:43  Zergling x12  
  176  16:47  Extractor  
  181  16:51  Extractor  
  178  16:59  Zergling x20  
  178  17:00  Baneling x3  
  178  17:01  Baneling x3  
  179  17:21  Chitinous Plating  
  149  17:40  Zergling x26  
  149  17:41  Zergling x14  
  162  18:03  Zergling x2  
  162  18:04  Zergling x28  
  171  18:36  Ultralisk  
  171  18:37  Ultralisk x3  
  195  18:48  Zergling x2  
  195  18:49  Zergling x8  
  200  19:01  Baneling  
  200  19:02  Baneling x12  
  200  19:11  Hatchery x2  
  196  19:36  Zergling x2  
  196  19:37  Zergling x4  
Show
View Real Time Build Order
Export as new Build Order

Njago Protoss 

Build Orders: 1 Gate Expand 

Get SALT Encoding   

  12  0:01  Probe (Chrono Boost)  
  14  0:14  Probe (Chrono Boost)  
  14  0:20  Pylon  
  14  0:25  Probe (Chrono Boost)  
  15  0:38  Probe (Chrono Boost)  
  15  0:42  Gateway  
  16  0:48  Probe (Chrono Boost)  
  17  0:50  Assimilator  
  17  0:59  Probe (Chrono Boost)  
  18  1:10  Probe (Chrono Boost)  
  18  1:23  Nexus  
  18  1:26  Probe (Chrono Boost)  
  19  1:37  Cybernetics Core  
  19  1:41  Probe (Chrono Boost)  
  19  1:46  Assimilator  
  20  1:52  Probe (Chrono Boost)  
  21  1:54  Pylon  
  21  2:02  Probe (Chrono Boost)  
  22  2:13  Adept (Chrono Boost), Probe (Chrono Boost)  
  22  2:14  Warp Gate  
  25  2:25  Probe  
  25  2:29  Twilight Council  
  26  2:35  Probe  
  27  2:37  Probe  
  27  2:40  Adept (Chrono Boost)  
  30  2:49  Gateway  
  30  2:52  Probe  
  31  2:59  Gateway  
  31  3:02  Adept (Chrono Boost)  
  33  3:12  Resonating Glaives (Chrono Boost)  
  33  3:19  Probe  
  35  3:20  Probe  
  35  3:24  Adept  
  38  3:34  Probe x2  
  39  3:46  Probe  
  39  3:47  Adept  
  40  3:53  Pylon  
  42  3:58  Probe x2  
  44  4:18  Adept x2  
  44  4:22  Adept  
  50  4:44  Assimilator  
  52  4:45  Mothership Core  
  52  4:46  Adept  
  52  4:48  Assimilator  
  52  4:49  Nexus  
  52  4:51  Pylon  
  54  4:54  Pylon  
  54  4:59  Gateway  
  54  5:02  Gateway  
  54  5:05  Gateway  
  54  5:08  Probe x2  
  33  5:16  Adept x3  
  33  5:20  Probe x2  
  39  5:32  Probe x2  
  41  5:40  Stalker  
  43  5:44  Stalker, Probe  
  46  5:53  Robotics Facility  
  46  5:56  Probe  
  47  5:57  Adept  
  49  6:07  Pylon  
  49  6:16  Adept x2  
  49  6:34  Adept x3  
  49  6:35  Adept  
  55  6:40  Immortal  
  59  6:49  Robotics Facility  
  59  6:53  Probe  
  60  6:54  Probe x2  
  62  7:14  Probe  
  63  7:15  Probe x2  
  63  7:17  Pylon  
  63  7:24  Immortal  
  63  7:26  Probe  
  63  7:27  Probe  
  69  7:32  Templar Archives  
  69  7:34  Charge (Chrono Boost)  
  69  7:41  Probe x2  
  71  7:48  Probe  
  72  7:53  Probe x2  
  74  7:58  Probe  
  75  8:05  Probe  
  75  8:06  Probe  
  75  8:08  Immortal  
  75  8:09  Pylon  
  75  8:11  High Templar x2  
  75  8:12  High Templar x2  
  89  8:14  Probe  
  89  8:16  Archon x2  
  89  8:18  Probe  
  91  8:23  Assimilator  
  91  8:25  Immortal  
  95  8:28  Assimilator  
  95  8:32  Pylon  
  95  8:33  Pylon  
  95  8:40  Probe  
  95  8:41  Probe  
  97  8:46  High Templar  
  97  8:48  Zealot x3  
  101  8:52  Observer  
  101  8:54  Probe x2  
  108  8:58  Probe  
  109  9:05  Pylon  
  109  9:06  Probe x2  
  111  9:16  Immortal  
  115  9:17  Gateway  
  115  9:19  High Templar x2, Probe  
  115  9:20  High Templar, Gateway  
  115  9:21  Gateway  
  122  9:24  Archon  
  122  9:28  Archon  
  120  9:44  Zealot  
  120  9:45  Zealot x2  
  125  9:49  Immortal  
  129  9:55  Immortal  
  133  10:13  Pylon  
  133  10:14  Pylon, Psionic Storm  
  133  10:15  Pylon  
  133  10:17  Pylon  
  133  10:18  Pylon  
  133  10:31  Probe x2  
  135  10:36  High Templar x2, Pylon  
  135  10:37  High Templar x2  
  135  10:38  Pylon  
  135  10:39  Pylon  
  135  10:40  Archon  
  135  10:41  Archon  
  135  10:42  Zealot x3  
  149  10:43  Zealot x2  
  149  10:48  Forge, Probe x2  
  155  10:50  Forge  
  155  10:52  Probe  
  156  10:57  Warp Prism  
  156  11:00  Probe  
  156  11:03  High Templar x2  
  163  11:04  High Templar  
  163  11:07  Archon  
  163  11:09  High Templar  
  167  11:15  Stalker x2  
  168  11:39  Zealot x2  
  172  11:40  Zealot x4  
  172  11:43  High Templar  
  172  11:44  High Templar  
  184  11:54  Archon  
  184  11:56  Nexus  
  184  11:59  Pylon x2  
  184  12:02  Archon  
  178  12:23  Pylon  
  178  12:24  Pylon  
  178  12:26  Zealot  
  178  12:27  Zealot x6  
  178  12:28  Zealot x2  
  130  12:51  Gateway  
  130  12:52  Gateway  
  130  12:53  Gateway  
  120  12:59  High Templar x2  
  120  13:00  High Templar x3  
  120  13:01  High Templar x3  
  120  13:03  Archon  
  120  13:04  Archon  
  136  13:05  Archon  
  136  13:06  Archon  
  136  13:09  Zealot  
  138  13:23  Photon Cannon  
  138  13:26  Photon Cannon  
  138  13:27  Photon Cannon  
  138  13:29  Photon Cannon  
  138  13:30  Photon Cannon  
  138  13:31  Gateway  
  138  13:36  Zealot x6  
  138  13:37  Zealot x2  
  154  13:46  High Templar  
  156  14:04  High Templar  
  156  14:06  Protoss Ground Weapons Level 1, Protoss Ground Armor Level 1  
  156  14:09  High Templar  
  160  14:16  Zealot x4  
  160  14:17  Zealot  
  170  14:26  Assimilator x2  
  170  14:28  Immortal  
  174  14:33  Probe  
  174  14:34  Probe x2  
  157  14:54  Archon  
  105  15:11  Zealot  
  105  15:12  Zealot x7  
  105  15:13  Zealot  
  119  15:16  Warp Prism  
  119  15:18  Immortal  
  113  15:43  Zealot x5  
  113  15:44  Zealot x2  
  105  15:50  High Templar x2  
  105  15:53  Immortal, Probe x2  
  115  16:03  Immortal  
  119  16:05  High Templar x2  
  119  16:06  High Templar x2  
  119  16:07  High Templar  
  119  16:08  High Templar  
  131  16:13  Archon x3  
  131  16:24  Zealot x6  
  143  16:32  Immortal  
  147  16:34  Protoss Ground Armor Level 2, Protoss Ground Weapons Level 2  
  147  16:39  High Templar x2  
  151  16:41  Zealot x2  
  153  17:00  Zealot x3  
  153  17:01  Zealot x2  
  157  17:11  Sentry  
  157  17:12  Sentry x2  
  157  17:14  High Templar  
  165  17:20  Zealot x4  
  145  17:39  Archon  
  101  17:51  Zealot x2  
  101  17:52  Zealot x7  
  101  17:56  High Templar x2  
  121  18:04  Zealot x2  
  119  18:12  Zealot x2  
  123  18:13  Archon  
  119  18:26  Probe x2  
  111  18:45  Nexus  
  111  18:51  High Templar  
  111  18:52  High Templar x6  
  125  18:56  Archon x2  
  125  19:01  High Templar  
  125  19:02  High Templar x2  
  129  19:03  High Templar  
  129  19:05  Archon  
  129  19:07  Archon  
  129  19:08  Zealot  
  129  19:09  Zealot  
  137  19:23  High Templar  
  139  19:38  Dark Shrine  
  129  19:51  High Templar x2  
  129  19:52  High Templar  
  139  19:54  Assimilator  
  139  19:56  Assimilator  
Tags
 
Add a new tag
Caveats
  • Supply blocks, unpowered buildings, or Contaminate may cause inaccurate times.
  • Supply counts are checked every 10 seconds.